Map: 16-Bit LE

Players

Spino

  • Race: Zerg Zerg
  • League: Diamond
  • Spawn Location: 1:00

Nordy - Winner!

  • Race: Protoss Protoss
  • League: Diamond
  • Spawn Location: 7:00

VOD

Have the link to the VOD?

Description

Time

  • Played on: July 18, 2018, 10:02 a.m.
  • Length: 16:29
Show
View Real Time Build Order
Export as new Build Order

Spino Zerg 

Build Orders: Hatch First, Lurkers 

Get SALT Encoding   

  12  0:01  Drone  
  13  0:12  Overlord  
  13  0:17  Drone  
  14  0:31  Drone x2  
  16  0:50  Hatchery  
  16  0:54  Drone  
  16  0:57  Drone  
  16  1:01  Drone  
  18  1:10  Extractor  
  17  1:19  Spawning Pool  
  17  1:23  Drone x2  
  18  1:28  Drone  
  19  1:39  Overlord  
  19  2:05  Zergling x4  
  19  2:06  Zergling x2  
  22  2:10  Queen  
  22  2:12  Queen  
  26  2:17  Drone x2  
  26  2:19  Metabolic Boost  
  28  2:24  Drone x2  
  30  2:33  Drone  
  31  2:48  Hatchery  
  30  2:54  Queen  
  30  2:56  Drone  
  33  3:07  Overlord, Drone x2  
  33  3:08  Drone  
  35  3:23  Drone  
  35  3:24  Overlord  
  35  3:26  Drone x3  
  40  3:27  Drone  
  40  3:29  Overlord  
  40  3:33  Queen  
  42  3:42  Drone  
  42  3:43  Overlord, Drone  
  42  3:48  Spore Crawler  
  43  3:50  Spore Crawler  
  43  3:53  Drone x2  
  44  3:56  Lair  
  44  4:01  Extractor  
  44  4:02  Drone  
  44  4:04  Queen  
  46  4:11  Drone x2  
  48  4:17  Evolution Chamber, Baneling Nest  
  48  4:21  Spore Crawler  
  48  4:22  Drone x2  
  47  4:35  Drone  
  48  4:41  Drone x3  
  48  4:43  Drone  
  48  4:44  Queen, Evolution Chamber  
  52  4:47  Zerg Melee Weapons Level 1  
  52  4:49  Drone x4  
  52  4:50  Extractor  
  54  4:56  Spore Crawler, Drone x2  
  54  4:58  Overlord  
  55  5:12  Zerg Missile Weapons Level 1  
  55  5:13  Zergling x14  
  62  5:14  Zergling x2  
  62  5:19  Zergling x6  
  62  5:20  Zergling x2  
  67  5:41  Extractor, Drone x6  
  67  5:42  Drone x2  
  74  5:45  Centrifical Hooks  
  74  5:46  Overlord  
  74  5:48  Overlord, Hydralisk Den  
  73  5:51  Overlord  
  73  5:58  Overseer  
  73  6:04  Overlord  
  73  6:07  Drone x6  
  73  6:09  Extractor  
  73  6:10  Extractor  
  77  6:15  Zergling x6  
  77  6:17  Hydralisk x2  
  84  6:18  Hydralisk  
  84  6:21  Hydralisk  
  88  6:28  Muscular Augments  
  88  6:29  Drone x3  
  91  6:46  Zerg Melee Weapons Level 2  
  91  6:47  Zergling x2  
  91  6:48  Zergling x16  
  91  6:49  Zergling x6  
  103  7:07  Hatchery  
  103  7:08  Drone x3  
  105  7:09  Lurker Den  
  104  7:19  Baneling x3  
  104  7:20  Baneling x6  
  104  7:21  Zergling x2  
  104  7:22  Zergling x2  
  106  7:23  Overlord x3  
  106  7:34  Overlord x4  
  106  7:38  Zerg Missile Weapons Level 2  
  106  7:52  Grooved Spines  
  106  7:53  Zergling x14  
  106  7:54  Zergling x10, Infestation Pit  
  117  8:04  Hydralisk x4  
  117  8:05  Hydralisk  
  127  8:12  Hydralisk  
  127  8:13  Hydralisk  
  127  8:16  Zergling x12  
  137  8:20  Queen  
  137  8:21  Drone  
  137  8:24  Baneling  
  137  8:25  Baneling x5  
  140  8:31  Baneling x3  
  140  8:32  Hydralisk, Baneling  
  140  8:34  Drone  
  140  8:36  Spore Crawler  
  140  8:38  Drone x6  
  146  8:54  Lurker x2  
  146  8:55  Lurker  
  149  8:58  Lurker  
  149  9:02  Drone x5  
  154  9:03  Extractor, Drone x3  
  154  9:04  Drone x2  
  154  9:09  Hive, Zergling x4  
  161  9:10  Zergling x10  
  154  9:33  Drone x3  
  154  9:35  Spine Crawler  
  154  9:36  Lurker x4  
  154  9:37  Spine Crawler  
  154  9:38  Zergling x2  
  159  9:39  Zergling x16  
  159  9:42  Extractor  
  166  9:46  Overlord x6  
  166  9:50  Zerg Ground Armor Level 1  
  166  10:08  Spire  
  166  10:10  Baneling x5  
  166  10:11  Baneling x3  
  165  10:16  Hatchery  
  165  10:21  Baneling x2  
  115  10:43  Hydralisk x2  
  115  10:44  Zergling x18  
  115  10:45  Zergling x16  
  126  10:51  Baneling x2  
  126  10:54  Hydralisk x3, Lurker  
  126  10:55  Hydralisk  
  135  11:04  Zerg Melee Weapons Level 3  
  135  11:06  Hatchery  
  135  11:09  Adrenal Glands  
  134  11:15  Baneling x5  
  134  11:16  Zergling x2, Baneling  
  134  11:17  Zergling x14  
  134  11:18  Zergling x4  
  144  11:23  Baneling x5  
  144  11:27  Hydralisk  
  141  11:37  Baneling  
  141  11:38  Baneling x3  
  141  11:39  Zergling x18  
  153  11:40  Zergling x8  
  117  11:57  Baneling x3  
  117  11:58  Baneling x10  
  117  11:59  Zergling x2  
  117  12:00  Zergling x22  
  127  12:03  Queen  
  127  12:04  Drone x4  
  127  12:05  Drone x4  
  137  12:22  Baneling x2, Corruptor x4  
  141  12:24  Zergling x2  
  141  12:25  Zergling x14  
  150  12:34  Hydralisk x4  
  150  12:35  Hydralisk  
  150  12:38  Zergling x10  
  150  12:39  Zergling x10  
  160  12:45  Queen  
  160  12:50  Greater Spire, Corruptor  
  164  12:53  Drone x6  
  164  12:54  Extractor  
  169  13:02  Baneling x6  
  169  13:03  Baneling x6, Spine Crawler  
  168  13:10  Overseer  
  168  13:22  Baneling  
  168  13:23  Baneling x10  
  168  13:24  Baneling x4  
  168  13:36  Baneling x4  
  168  13:37  Baneling x6  
  168  13:49  Corruptor x2  
  168  13:51  Zergling x4  
  168  13:52  Zergling x32  
  168  13:53  Zergling x16  
  134  14:15  Extractor  
  134  14:16  Baneling  
  134  14:17  Baneling x13  
  130  14:18  Baneling x9  
  130  14:19  Zergling x2  
  130  14:20  Zergling x12  
  130  14:21  Zergling x2  
  141  14:29  Baneling x2  
  107  15:05  Hydralisk x3  
  107  15:06  Hydralisk x7, Zergling x8  
  107  15:07  Hydralisk x2, Zergling x16  
  116  15:08  Zergling x2  
  129  15:21  Hydralisk x5  
  136  15:29  Baneling x7  
  136  15:30  Baneling x2  
  112  15:43  Baneling x3  
  112  15:44  Baneling  
Show
View Real Time Build Order
Export as new Build Order

Nordy Protoss - Winner!

Build Orders: 1 Gate Expand, Phoenix Opening, Zealot Archon 

Get SALT Encoding   

  12  0:00  Probe  
  13  0:13  Probe  
  14  0:19  Pylon  
  14  0:25  Probe  
  15  0:35  Probe  
  15  0:42  Gateway  
  16  0:43  Probe  
  16  0:49  Assimilator  
  17  0:51  Probe  
  18  1:03  Probe  
  19  1:15  Probe  
  20  1:29  Nexus  
  20  1:36  Assimilator  
  20  1:48  Cybernetics Core  
  20  1:50  Assimilator  
  20  1:54  Pylon  
  20  1:58  Probe  
  21  2:10  Probe  
  22  2:15  Adept  
  22  2:21  Probe  
  23  2:29  Probe, Stargate  
  26  2:37  Probe  
  26  2:41  Adept  
  26  2:44  Probe  
  29  2:47  Warp Gate  
  30  2:51  Probe  
  30  2:52  Probe  
  32  3:10  Probe x2  
  33  3:17  Phoenix  
  33  3:22  Probe x2  
  37  3:33  Probe  
  37  3:34  Probe  
  37  3:36  Robotics Facility  
  37  3:40  Twilight Council  
  39  3:41  Probe  
  39  3:46  Probe  
  41  3:49  Probe  
  41  3:53  Pylon  
  42  3:58  Probe  
  42  4:01  Probe  
  44  4:04  Assimilator  
  44  4:08  Assimilator, Pylon  
  44  4:10  Probe  
  44  4:11  Sentry, Charge  
  44  4:13  Probe  
  48  4:26  Probe x2  
  51  4:38  Probe x2  
  51  4:39  Observer  
  53  4:50  Probe x2  
  55  4:54  Gateway x2  
  55  4:58  Gateway  
  55  5:02  Probe x2  
  55  5:06  Oracle  
  60  5:10  Nexus  
  60  5:14  Pylon  
  60  5:16  Pylon  
  60  5:25  Probe  
  60  5:26  Probe  
  62  5:32  Immortal  
  66  5:36  Pylon  
  66  5:38  Probe x2  
  68  5:50  Probe x2  
  68  5:52  Gateway  
  68  5:55  Forge  
  70  5:59  Templar Archives  
  70  6:01  Gateway  
  70  6:02  Probe x2  
  72  6:05  Immortal  
  72  6:14  Probe x2  
  72  6:16  Pylon  
  78  6:19  Pylon  
  78  6:22  Adept  
  80  6:26  Probe x3  
  80  6:31  Protoss Ground Weapons Level 1  
  83  6:36  High Templar x2  
  83  6:37  High Templar  
  89  6:43  Archon  
  89  6:45  High Templar  
  91  6:47  Probe  
  91  6:48  Probe x2  
  94  6:54  Gateway  
  94  6:56  Gateway  
  94  6:58  Archon  
  94  6:59  Probe, Gateway  
  94  7:00  Probe  
  96  7:01  Assimilator  
  96  7:04  Assimilator  
  96  7:09  Pylon  
  96  7:12  Pylon  
  96  7:14  High Templar x2  
  96  7:15  Zealot x2  
  102  7:17  Probe x3  
  102  7:20  Robotics Facility  
  102  7:22  Pylon  
  107  7:28  Immortal  
  110  7:38  Zealot x2  
  110  7:39  Zealot x2  
  110  7:40  Probe  
  110  7:41  Probe x2  
  121  7:51  High Templar x2  
  123  7:53  Probe x2  
  123  7:54  Probe  
  128  8:04  High Templar  
  130  8:06  Archon  
  130  8:07  Zealot  
  130  8:08  Zealot x2  
  130  8:11  Immortal  
  140  8:18  Pylon x2  
  140  8:19  Pylon, Gateway  
  140  8:21  Pylon  
  140  8:23  Pylon  
  140  8:27  Immortal, Pylon  
  144  8:42  Protoss Ground Armor Level 1  
  144  8:45  High Templar  
  144  8:46  High Templar x2  
  144  8:47  High Templar  
  152  8:53  Archon  
  152  8:54  Archon  
  152  8:57  Zealot x2  
  152  9:01  Observer  
  152  9:02  Observer  
  151  9:34  High Templar x3  
  151  9:35  Nexus  
  151  9:37  High Templar  
  151  9:38  Pylon  
  153  9:39  Pylon, Archon  
  153  9:41  Pylon  
  153  9:42  Archon  
  153  9:43  Pylon  
  153  9:44  Immortal, Pylon  
  157  9:51  Gateway x2  
  157  9:52  Warp Prism  
  159  9:55  Gateway x2  
  159  9:57  Gateway  
  159  9:58  Assimilator  
  159  10:04  Assimilator  
  159  10:06  Pylon  
  159  10:13  Zealot x6  
  159  10:14  Zealot x4  
  114  10:45  Psionic Storm  
  114  10:49  Zealot x4  
  105  10:50  Zealot x5  
  105  10:51  Zealot  
  117  11:03  Immortal  
  117  11:11  Immortal  
  125  11:13  High Templar x2  
  125  11:14  High Templar x4, Oracle  
  125  11:15  High Templar  
  125  11:16  Zealot x4  
  125  11:17  Zealot x4  
  155  11:19  Archon x3  
  158  11:38  High Templar  
  158  11:39  Zealot x3  
  128  11:57  High Templar  
  128  11:58  High Templar, Zealot x2  
  128  11:59  Zealot x5  
  128  12:00  Zealot x5  
  156  12:02  Archon  
  156  12:09  Immortal x2  
  164  12:32  High Templar x2  
  164  12:33  High Templar  
  142  12:39  Immortal, Zealot x3  
  142  12:40  Zealot x5  
  142  12:41  Zealot x3  
  142  12:42  Zealot  
  142  12:43  Observer  
  169  13:00  Immortal  
  173  13:08  High Templar  
  173  13:09  High Templar  
  177  13:15  Nexus  
  177  13:19  Pylon  
  177  13:21  Pylon  
  177  13:22  Pylon  
  177  13:27  High Templar x2  
  179  13:28  Zealot x2  
  179  13:29  Zealot x6  
  179  13:31  Archon  
  197  13:52  High Templar  
  175  14:08  Zealot x3  
  175  14:09  Zealot x6  
  164  14:10  Zealot x4  
  164  14:11  Zealot  
  171  14:31  Stalker x3  
  171  14:32  Stalker x3  
  131  15:01  Zealot  
  131  15:02  Zealot x6  
  131  15:03  Zealot x4  
  134  15:25  Observer x2  
  132  15:44  High Templar x4  
  132  15:45  High Templar x6  
  132  15:46  High Templar x5  
  132  15:49  Archon  
  162  15:50  Archon x4  
  162  15:51  Archon x2  
Tags
 
Add a new tag
Caveats
  • Supply blocks, unpowered buildings, or Contaminate may cause inaccurate times.
  • Supply counts are checked every 10 seconds.